AoeStats
← Horizon

Arena

508678174Analyzed
1v1 RM · 8d ago on Sep 23, 2026· 36m 37s· 2 players
Game mode
Random Map
Map size
Tiny (2 player)
Population
200
Speed
Normal
Resources
Standard
Victory
Conquest
Starting age
Dark Age
Ending age
Imperial Age
RankedLock teamsTeams togetherTeam positionsShared explorationLock speedFull tech treeHidden civsTurbo modeCheats
Victory
Defeat
🇵🇰 Turks · Pakistan
1458
+17
🇺🇸 Turks · United States
1479
-17
Horizon
11:00 Feudal Age
11:18 Feudal Age
12:22 Double-Bit Axe
15:26 Castle Age
13:49 Horse Collar
21:10 Wheelbarrow
23:06 Bow Saw
24:05 Heavy Plow
25:10 Gold Mining
25:12 Stone Mining
25:39 Town Watch
26:10 Hand Cart
30:35 Imperial Age
27:59 Loom
30:22 Padded Archer Armor
31:05 Gold Shaft Mining
30:48 Scale Barding Armor
30:54 Forging
30:35 Fletching
31:01 Masonry
32:17 Conscription
32:00 Artillery
32:35 Architecture
32:53 Leather Archer Armor
34:03 Scale Mail Armor
34:34 Ring Archer Armor
34:29 Bloodlines
34:19 Husbandry
33:41 Heavy Camel Rider
35:50 Chain Barding Armor
37:47 Plate Barding Armor
37:48 Iron Casting
fury5559
11:17 Feudal Age
14:46 Castle Age
12:47 Double-Bit Axe
13:26 Horse Collar
17:44 Loom
27:21 Wheelbarrow
30:13 Bow Saw
32:45 Imperial Age
30:28 Fletching
30:39 Padded Archer Armor
31:05 Ballistics
31:11 Bloodlines
31:02 Husbandry
31:17 Bodkin Arrow
32:32 Thumb Ring
33:17 Leather Archer Armor
33:20 Heavy Cavalry Archer
34:22 Bracer
35:14 Parthian Tactics
35:31 Ring Archer Armor
Connection lost

Rejoining the realm…

Still unreachable

The connection could not be restored.

Session expired

The server has moved on; the page needs a fresh start.